 Dungeon Crawl Stone Soup version 0.22.0-38-g04b72b8 (webtiles) character file.

3623 poirepourri the Cleaver (level 9, -8/88 HPs)
             Began as a Deep Dwarf Fighter on Aug 28, 2018.
             Was a Follower of Makhleb.
             Mangled by an orc warrior
             ... wielding a +0 halberd
              (13 damage)
             ... on level 9 of the Dungeon.
             The game lasted 00:04:39 (3256 turns).

poirepourri the Cleaver (Deep Dwarf Fighter)        Turns: 3256, Time: 00:04:39

Health: -8/88      AC: 11    Str: 19    XL:     9   Next: 87%
Magic:  5/5        EV:  7    Int: 10    God:    Makhleb [*.....]
Gold:   301        SH: 10    Dex: 15    Spells: 8/8 levels left

rFire    . . .     SeeInvis .   d - +3 war axe (freeze)
rCold    . . .     Gourm    .   c - +1 shield
rNeg     . . .     Faith    .   b - +0 scale mail
rPois    .         Spirit   .   (no helmet)
rElec    .         Reflect  .   (no cloak)
rCorr    .         Harm     .   a - +0 pair of gloves
MR       ++...                  i - +2 pair of boots {Stlth+}
Stlth    ++........             (no amulet)
HPRegen  0.00/turn              w - ring of stealth
MPRegen  0.09/turn              u - ring of protection from magic

@: non-regenerating
A: damage resistance, heal wounds, sense surroundings 2, no regeneration
a: Heal Wounds, Renounce Religion


You were on level 9 of the Dungeon.
You worshipped Makhleb.
Makhleb was aware of your devotion.
You were full.

You visited 2 branches of the dungeon, and saw 8 of its levels.

You collected 301 gold pieces.

Inventory:

Hand Weapons
 d - a +3 war axe of freezing (weapon)
Missiles
 q - 52 bolts
Armour
 a - a +0 pair of gloves (worn)
 b - a +0 scale mail (worn)
 c - a +1 shield (worn)
 i - a +2 pair of boots of stealth (worn)
Jewellery
 h - the amulet of Taria {Spirit +Fly rN+ Str-5 Int+6, unknown}
   (You found it on level 8 of the Dungeon)

   [amulet of guardian spirit]

   It causes incoming damage to be split between your health and magic.
   It affects your strength (-5).
   It affects your intelligence (+6).
   It protects you from negative energy.
   It lets you fly.
 s - an uncursed ring of teleportation
 u - a ring of protection from magic (right hand)
 w - a ring of stealth (left hand)
Wands
 n - a wand of random effects (69)
Scrolls
 k - 6 scrolls of remove curse
 m - a scroll of fear
 p - 3 scrolls of teleportation
Potions
 e - 2 potions of curing
 g - a potion of flight
 l - 2 potions of ambrosia
 o - a potion of mutation
 r - a potion of berserk rage {unknown}
 t - a potion of haste
Comestibles
 f - 4 rations


   Skills:
 + Level 7.8 Fighting
 - Level 12.6 Axes
 - Level 3.2 Armour
 - Level 3.2 Shields


You had 8 spell levels left.
You didn't know any spells.
Your spell library was empty.

Dungeon Overview and Level Annotations

Branches:
Dungeon (9/15)             Temple (1/1) D:7
   Lair: D:8-11         Orc: D:9-12

Altars:
Cheibriados
Elyvilon
Fedhas
Gozag
Kikubaaqudgha
Makhleb
Nemelex Xobeh
Okawaru
Qazlal
Trog
Wu Jian
Xom
Zin

Shops:
D:3 *


Innate Abilities, Weirdness & Mutations

You are resistant to damage.
You can heal yourself by infusing magical energy.
You passively map the area around you.
You do not regenerate.


Message History

The orc warrior shouts!
You hear a shout!
The bullfrog gives a loud, deep croak!
You closely miss the orc.
The orc warrior hits you from afar with a halberd!
You block the orc's attack.
You slice the orc!! You freeze the orc.
You kill the orc!
Makhleb accepts your kill. You block the orc warrior's attack.
The orc warrior hits you with a halberd!
* * * LOW HITPOINT WARNING * * *
You see here a flail.
You barely miss the orc warrior. You completely miss the orc warrior.
The orc warrior hits you with a halberd!!
* * * LOW HITPOINT WARNING * * *
You slash the orc warrior! You freeze the orc warrior!
The orc warrior is severely wounded.
The orc warrior hits you with a halberd!
You die...

####'###### * #.### *
#...# ###.# ######'##
# #.......######
#####.# #.......'....#
.......
#.......####[##.......
#...(...# #.@oF......
, #.......#
####o...... * *
#.......# .......
#.......# #######
#########


You could see an orc warrior, a bullfrog and an orc.

Vanquished Creatures
  An ugly thing (D:8)
  Prince Ribbit (D:7)
  A spriggan (D:8)
  A wyvern (D:8)
  A hungry ghost (D:8)
  An orc warrior (D:8)
  A sky beast (D:8)
  A black bear (D:7)
  A phantom (D:7)
  2 ogres (D:8)
  A necrophage (D:8)
  2 centaurs (D:8)
  3 bullfrogs
  3 scorpions
  9 killer bees
  9 wights
  4 crimson imps
  6 hounds
  A jelly (D:8)
  2 orc priests
  A bullfrog skeleton (D:8)
  3 orc wizards (D:8)
  Jessica (D:2)
  An iguana (D:8)
  4 gnolls (D:4)
  7 adders
  A shadow imp (D:9)
  An ooze (D:7)
  4 worms
  2 leopard geckos
  13 orcs
  5 bats
  6 goblins
  5 hobgoblins
  4 jackals
  3 kobolds
  2 quokkas
  2 frilled lizards (D:2)
  A leopard gecko zombie (D:2)
  6 rats
123 creatures vanquished.

Notes
Turn   | Place    | Note
-------+----------+-------------------------------------------
     0 | D:1      | poirepourri the Deep Dwarf Fighter began the quest for the Orb.
     0 | D:1      | Reached XP level 1. HP: 20/20 MP: 1/1
   178 | D:1      | Reached skill level 3 in Axes
   178 | D:1      | Reached XP level 2. HP: 13/27 MP: 2/2
   676 | D:2      | Noticed a scorpion
   684 | D:2      | Killed a scorpion
   684 | D:2      | Reached skill level 4 in Axes
   684 | D:2      | Reached XP level 3. HP: 22/33 MP: 3/3
   684 | D:2      | Reached XP level 4. HP: 27/40 MP: 4/4
   748 | D:2      | Noticed Jessica
   752 | D:2      | Reached skill level 5 in Axes
   766 | D:2      | Killed Jessica
  1022 | D:3      | Reached XP level 5. HP: 37/46 MP: 4/4
  1082 | D:3      | Reached skill level 6 in Axes
  1179 | D:3      | Found an opulent altar of Gozag.
  1184 | D:3      | Found Gozag's Platinum Reserve.
  1627 | D:4      | You fall through a shaft for 3 floors!
  1633 | D:7      | Reached skill level 7 in Axes
  1633 | D:7      | Reached XP level 6. HP: 44/55 MP: 4/4
  1642 | D:7      | HP: 2/55 [wight/enchanted falchion (6)]
  1654 | D:7      | Reached skill level 8 in Axes
  1723 | D:7      | Reached XP level 7. HP: 29/61 MP: 5/5
  1763 | D:7      | Reached skill level 9 in Axes
  1775 | D:7      | Found a bloodstained altar of Trog.
  1829 | D:7      | Found a white marble altar of Elyvilon.
  1918 | D:7      | Found a staircase to the Ecumenical Temple.
  1935 | Temple   | Entered the Ecumenical Temple
  1979 | Temple   | Became a worshipper of Makhleb the Destroyer
  2060 | D:7      | Reached skill level 10 in Axes
  2068 | D:7      | Noticed Prince Ribbit
  2076 | D:7      | Killed Prince Ribbit
  2076 | D:7      | Reached XP level 8. HP: 59/68 MP: 6/6
  2413 | D:8      | Reached skill level 11 in Axes
  2550 | D:8      | Reached skill level 12 in Axes
  2560 | D:8      | Found an ornate altar of the Wu Jian Council.
  2597 | D:8      | Got a steaming tin amulet
  2631 | D:8      | Reached * piety under Makhleb
  2634 | D:8      | Gained mutation: You passively map the area around you. [Deep Dwarf growth]
  2634 | D:8      | Reached XP level 9. HP: 31/74 MP: 7/7
  2741 | D:8      | Noticed a brown ugly thing
  2749 | D:8      | Reached skill level 5 in Fighting
  2789 | D:8      | Killed a brown ugly thing
  3256 | D:9      | Mangled by an orc warrior

Skill      XL: |  1  2  3  4  5  6  7  8  9 |
---------------+----------------------------+-----
Axes           | 3 4 5 7 8 10 12 | 12.6
Fighting       | 7 |  7.8
Armour         | |  3.2
Shields        | |  3.2

Action                   |  1- 3 |  4- 6 |  7- 9 || total
-------------------------+-------+-------+-------++-------
Melee: War axe           |    81 |   163 |   276 ||   520
 Abil: Heal Wounds       |     1 |     6 |    10 ||    17
Evoke: Wand              |       |       |     1 ||     1
  Use: Scroll            |       |    12 |     7 ||    19
       Potion            |       |     2 |     5 ||     7
 Stab: Sleeping          |       |     1 |     4 ||     5
       Distracted        |       |       |     1 ||     1
  Eat: Ration            |       |     1 |     6 ||     7
       Chunk             |       |       |     2 ||     2
Armor: Scale mail        |    33 |    87 |    94 ||   214
Dodge: Dodged            |    27 |    58 |    57 ||   142
Block: Shield            |    48 |    99 |   138 ||   285
